 Dungeon Crawl Stone Soup version 0.15-a0-217-g70ad64b (webtiles) character file.

264 KaKa the Slasher (level 4, 0/35 HPs)
             Began as a Formicid Fighter on Apr 24, 2014.
             Was an Initiate of Yredelemnul.
             Slain by Prince Ribbit (12 damage)
             ... on Level 4 of the Dungeon.
             The game lasted 00:12:34 (2514 turns).

KaKa the Slasher (Formicid Fighter)                 Turns: 2514, Time: 00:12:34

HP   0/35        AC  9     Str 26      XL: 4   Next: 98%
MP   5/5         EV  6     Int  8      God: Yredelemnul [......]
Gold 168         SH 21     Dex 11      Spells:  0 memorised,  3 levels left

rFire  . . .     SeeInvis +     a - +0 long sword
rCold  . . .     Clarity  .     y - +0 chain mail
rNeg   . . .     Conserve +     c - +1 shield
rPois  .         rCorr    .     (helmet unavailable)
rElec  .         rRot     .     (no cloak)
SustAb . .       Spirit   .     (no gloves)
rMut   .         Warding  .     (no boots)
Saprov . . .     Stasis   +     x - amulet of conservation
MR     .....                    (no ring)
                                n - +1 ring of strength

@: mighty, not resistant to hostile enchantments, extremely unstealthy
A: permanent stasis, dig shafts and tunnels, four strong arms, antennae 3
a: Dig, Shaft Self, Renounce Religion


You were on level 4 of the Dungeon.
You worshipped Yredelemnul.
Yredelemnul was noncommittal.
You were not hungry.

You visited 1 branch of the dungeon, and saw 4 of its levels.

You collected 168 gold pieces.

Inventory:

Hand weapons
 a - a +0,+0 long sword (weapon)
Missiles
 s - 5 tomahawks of returning (quivered)
Armour
 c - a +1 shield (worn)
 y - a +0 chain mail (worn)
Magical devices
 q - a wand of confusion (5)
Comestibles
 d - a bread ration
 h - a choko
 k - a slice of pizza
 r - 2 meat rations
 w - a pear
 A - an apple
 B - a cheese
Scrolls
 g - 2 scrolls of teleportation
 j - 2 scrolls of enchant armour
 m - 2 scrolls of remove curse
 t - 2 scrolls of magic mapping
 u - a scroll of amnesia {unknown}
Jewellery
 n - a +1 ring of strength (left hand)
 x - an amulet of conservation (around neck)
Potions
 b - a potion of lignification {unknown}
 e - a potion of might
 i - a potion of resistance {unknown}
 l - 2 potions of curing
 v - 3 potions of brilliance


   Skills:
 - Level 3.2 Fighting
 + Level 4.4 Long Blades
 - Level 3.2 Armour
 - Level 0.1 Dodging
 + Level 4.1 Shields


You had 3 spell levels left.
You didn't know any spells.

Dungeon Overview and Level Annotations

Branches:
Dungeon (4/15)             Temple (0/1) D:4

Altars:
Yredelemnul

Annotations:
D:4 Prince Ribbit


Innate Abilities, Weirdness & Mutations

Your are under a permanent stasis effect.
You can dig through walls and to a lower floor.
Your four strong arms can wield two-handed weapons with a shield.
You have a pair of large antennae on your head (SInv).


Message History

Prince Ribbit blinks!
Prince Ribbit blinks! x2
You see here a scroll of remove curse.
Prince Ribbit blinks!
Found a cloak.
Throwing (i - inventory. (,) - cycle):
p - a javelin (quivered)
Press: ? - help, Shift-Dir - straight line, f/p - Prince Ribbit
Aim: Prince Ribbit (moderately wounded)
You throw a javelin. The javelin misses Prince Ribbit.
Prince Ribbit blinks!
Throwing (i - inventory):
s - 6 tomahawks of returning (quivered)
Press: ? - help, Shift-Dir - straight line, f/p - Prince Ribbit
Aim: Prince Ribbit (moderately wounded)
You throw a tomahawk of returning.
The tomahawk of returning misses Prince Ribbit.
The tomahawk of returning fails to return to your pack!
Drink which item? (? for menu, Esc to quit)
You feel very mighty all of a sudden. Prince Ribbit hits you!
You die...
Your body rises from the dead as a mindless zombie.

.........$....
...........ยง...
...............
........?......
########..##### #{.# #..#
#..###############..#####
#[......@F......(........
.........................
########################


You could see Prince Ribbit.

Vanquished Creatures
  2 adders (D:3)
  3 worms
  2 giant geckos (D:2)
  4 orcs
  7 bats
  11 hobgoblins
  2 giant cockroaches
  6 giant newts
  6 goblins
  A hobgoblin skeleton (D:4)
  8 kobolds
  2 rats (D:1)
54 creatures vanquished.

Notes
Turn   | Place    | Note
--------------------------------------------------------------
     0 | D:1      | KaKa, the Formicid Fighter, began the quest for the Orb.
     0 | D:1      | Reached XP level 1. HP: 18/18 MP: 1/1
    84 | D:1      | Reached XP level 2. HP: 22/24 MP: 3/3
   185 | D:1      | Reached skill level 4 in Shields
   966 | D:2      | Reached XP level 3. HP: 19/29 MP: 4/4
  1585 | D:3      | Reached XP level 4. HP: 35/35 MP: 5/5
  1710 | D:3      | Found a basalt altar of Yredelemnul.
  1745 | D:3      | Became a worshipper of Yredelemnul the Dark
  2470 | D:4      | Found a staircase to the Ecumenical Temple.
  2489 | D:4      | Noticed Prince Ribbit
  2514 | D:4      | Slain by Prince Ribbit

Action                   |  1- 3 |  4- 6 || total
-------------------------+-------+-------++-------
Melee: Long sword        |   124 |    82 ||   206
Throw: Tomahawk          |     6 |     6 ||    12
       Javelin           |     6 |     7 ||    13
Evoke: Wand              |       |     1 ||     1
  Use: Scroll            |       |     7 ||     7
       Potion            |       |     1 ||     1
